 Dungeon Crawl Stone Soup version 0.25.1-9-gc5326a611f (webtiles) character file.

Game seed: 15399698156187446297

8979 growler the Grappler (level 11, -1/92 HPs)
             Began as a Grey Draconian Transmuter on Dec 29, 2020.
             Was an Elder of Makhleb.
             Slain by Harold
             ... wielding a +0 long sword
              (21 damage)
             ... on level 10 of the Dungeon.
             The game lasted 00:40:53 (14570 turns).

growler the Grappler (Grey Draconian Transmuter)   Turns: 14570, Time: 00:40:54

Health: -1/92      AC:  6    Str: 15    XL:     11   Next: 17%
Magic:  16/18      EV: 10    Int: 13    God:    Makhleb [****..]
Gold:   529        SH:  0    Dex: 13    Spells: 5/20 levels left

rFire    x . .     SeeInvis .     - Unarmed
rCold    + + +     Gourm    .   (shield currently unavailable)
rNeg     . . .     Faith    .   (armour unavailable)
rPois    +         Spirit   .   (helmet currently unavailable)
rElec    .         Reflect  .   (cloak currently unavailable)
rCorr    .         Harm     .   (gloves currently unavailable)
MR       .....                  (boots currently unavailable)
Stlth    +.........             (no amulet)
HPRegen  0.25/turn              k - ring of wizardry
MPRegen  0.16/turn              t - ring of poison resistance

@: about to teleport, ice-form, marked
A: large, (walk through water), unfitting armour, AC +12
a: End Transformation, Minor Destruction, Lesser Servant of Makhleb, Major
Destruction, Renounce Religion


You were on level 10 of the Dungeon.
You worshipped Makhleb.
Makhleb was greatly pleased with you.
You were hungry.
You were a creature of crystalline ice.
You visited 2 branches of the dungeon, and saw 12 of its levels.

You collected 529 gold pieces.

Inventory:

Missiles
 a - 251 arrows
 A - a throwing net (quivered) {!f}
Armour
 q - a +2 buckler (melded)
   (You found it on level 3 of the Dungeon)
 y - a +1 cloak (melded)
   (You found it on level 6 of the Dungeon)
Jewellery
 k - a ring of wizardry (left front paw)
   (You found it on level 2 of the Dungeon)
 t - a ring of poison resistance (right front paw)
   (You found it on level 3 of the Dungeon)
 w - an uncursed ring of positive energy
   (You found it on level 4 of the Dungeon)
 z - an uncursed amulet of magic regeneration
   (You took it off a wight on level 10 of the Dungeon)
Wands
 c - a wand of disintegration (13)
   (You found it on level 9 of the Dungeon)
 u - a wand of paralysis (2)
   (You took it off a kobold on level 8 of the Dungeon)
 v - a wand of digging (8)
   (You found it on level 9 of the Dungeon)
Scrolls
 f - 3 scrolls of teleportation {@r4}
 g - 2 scrolls of enchant armour
 h - a scroll of immolation {!r}
 l - 4 scrolls of remove curse {@r2}
 o - a scroll of magic mapping
 r - a scroll of blinking
 s - 2 scrolls of fear
 x - 2 scrolls of amnesia
 C - 3 scrolls of enchant weapon
 F - 2 scrolls of identify {@r1}
Potions
 b - a potion of magic
 d - 4 potions of curing {@q1}
 i - 2 potions of flight
 j - 2 potions of lignification {!q}
 m - a potion of cancellation
 n - a potion of stabbing {unknown}
 p - a potion of might
 B - 2 potions of brilliance
 D - a potion of haste {@q3}
 E - a potion of resistance
Comestibles
 e - 11 rations {!d}
 G - 5 chunks of flesh


   Skills:
 - Level 1.1 Fighting
 - Level 1.7 Dodging
 + Level 14.0 Unarmed Combat
 - Level 5.0 Spellcasting
 - Level 6.0 Transmutations
 - Level 6.0 Ice Magic
 - Level 2.0 Poison Magic


You had 5 spell levels left.
You knew the following spells:

 Your Spells              Type           Power        Failure   Level  Hunger
a - Beastly Appendage     Tmut           ###...       1%          1    None
b - Blade Hands           Tmut           ###.......   17%         5    ######.
c - Ice Form              Ice/Tmut       ###.....     6%          4    ####...
s - Sticks to Snakes      Tmut           ###.....     1%          2    ##.....
x - Spider Form           Tmut/Pois      ##........   4%          3    ###....

Your spell library contained the following spells:

 Spells                   Type           Power        Failure   Level  Hunger
 Sting                    Tmut/Pois      ##..         1%          1    None
 Passwall                 Tmut/Erth      ##......     3%          2    ##.....
 Apportation              Tloc           #.....       8%          1    None
 Foxfire                  Conj/Fire      #...         8%          1    None
 Sandblast                Erth           #.....       8%          1    None
 Summon Butterflies       Summ           #.......     8%          1    None
 Poisonous Vapours        Pois/Air       #.....       8%          2    ##.....
 Ignite Poison            Fire/Tmut/Pois ##......     8%          3    ###....
 Corpse Rot               Necr/Air       N/A          12%         2    ##.....
 Mephitic Cloud           Conj/Pois/Air  #.......     17%         3    ###....
 Petrify                  Tmut/Erth      ##......     21%         4    ####...
 Lesser Beckoning         Tloc           #.........   22%         3    ###....
 Stone Arrow              Conj/Erth      #.....       22%         3    ###....
 Tukima's Dance           Hex            #.......     22%         3    ###....
 Olgreb's Toxic Radiance  Pois           #.......     32%         4    ####...
 Alistair's Intoxication  Tmut/Pois      ##......     36%         5    ######.
 Irradiate                Conj/Tmut      ##........   50%         5    ######.
 Fireball                 Conj/Fire      #.........   87%         5    ######.
 Lee's Rapid Deconstruct  Erth           #.........   87%         5    ######.
 Hydra Form               Tmut           ###.......   65%         6    #######
 Statue Form              Tmut/Erth      ##.......    96%         6    #######
 Freezing Cloud           Conj/Ice/Air   #.........   99%         6    #######
 Dragon Form              Tmut           ###.......   99%         7    #######
 Invisibility             Hex            #.......     100%        6    #######
 Starburst                Conj/Fire      #.........   100%        6    #######


Dungeon Overview and Level Annotations

Branches:
Dungeon (11/15)            Temple (1/1) D:7             Orc (0/2) D:10
   Lair: D:8-11

Altars:
Ashenzari
Cheibriados
Dithmenos
Elyvilon
Fedhas
Gozag
Hepliaklqana
Kikubaaqudgha
Makhleb
Nemelex Xobeh
Okawaru
Qazlal
Ru
Sif Muna
Trog
Uskayaw
Vehumet
Wu Jian
Xom
Yredelemnul
Zin
The Shining One

Shops:
D:4 (

Annotations:
D:8 exclusion: statue
D:10 Harold
D:11 Nergalle


Innate Abilities, Weirdness & Mutations

((You can walk through water.))
((Your dull iron-grey scales are very hard. (AC +12)))
You cannot fit into any form of body armour.
((You can survive without breathing.))
((You are cold-blooded and may be slowed by cold attacks.))


Message History

You kill the kobold!
Makhleb accepts your kill.
You feel better.
The kobold throws a stone.
The stone hits you but does no damage.
A bullfrog comes into view.
You pummel the orc!! You freeze the orc.
You kill the orc!
Makhleb accepts your kill.
Nergalle the Soulbinder comes into view.
She is wielding a +0 dagger.
Items here: ( )) †† a +0 club; 2 stones; a +0 short sword; a kobold corpse x2
Something hits you!
Deactivating autopickup; reactivate with Ctrl-A.
Harold fires a harpoon shot at you. The harpoon shot hits you!
You are yanked forward by the harpoon shot.
An orc comes into view.
A brown ugly thing comes into view.
Something hits you! Something hits you.
The kobold throws a stone.
The stone hits you. Something hits you.
Items here: ( )) †† a +0 club; 3 stones; a +0 short sword; a kobold corpse x2
Something hits you.
The orc wizard casts a spell.
The orc wizard blinks!
Something hits you!
* * * LOW HITPOINT WARNING * * *
The bullfrog barely misses you.
There is a stone staircase leading up here.
You see here 7 stones.
Unknown command.
Something hits you.
* * * LOW HITPOINT WARNING * * *
Something hits you.
* * * LOW HITPOINT WARNING * * *
Harold hits you with a +0 long sword.
* * * LOW HITPOINT WARNING * * *
The bullfrog hits you but does no damage.
Something hits you.
* * * LOW HITPOINT WARNING * * *
You climb upwards.
Reactivating autopickup.
There is a stone staircase leading down here.
Okay, then.
As you read the scroll of teleportation {@r4}, it crumbles to dust.
You feel strangely unstable. The bullfrog hits you.
* * * LOW HITPOINT WARNING * * *
Harold hits you with a +0 long sword!!
You die...

#...#..#..........
#...'..#..........
#...#..##'###'###.
#...#...'..#....#.
#...#...#..#....#.
#...#..##..######.
#...#..##..#......
#@..#......#......
#YF.#......'......
#####'####+#......
#..##.#......#'###
#.....#......#...#
#.....#......#...#
#.....#..[..<#...#
#######......#####
#...........
#...........


You could see Harold and a bullfrog.

Vanquished Creatures
  Pikel (D:8)
  Joseph (D:8)
  A gargoyle (D:9)
  2 centaur skeletons (D:10)
  A komodo dragon (D:10)
  2 hippogriffs
  A wyvern (D:10)
  6 yaks (D:10)
  Grum (D:8)
  A steam dragon (D:9)
  A hungry ghost (D:10)
  A two-headed ogre zombie (D:10)
  A water moccasin (D:9)
  6 sky beasts
  2 slaves (D:8)
  Duvessa (D:6)
  3 ice beasts
  An orc warrior (D:10)
  2 phantoms
  A black bear (D:10)
  A necrophage (D:6)
  3 ogres
  6 centaurs
  3 wolves (D:8)
  2 big kobolds
  4 bullfrogs
  4 scorpions
  2 troll zombies (D:10)
  Dowan (D:6)
  7 killer bees
  3 wights (D:10)
  3 howler monkeys
  2 crimson imps
  A bullfrog zombie (D:6)
  A jelly (D:5)
  A centaur zombie (D:10)
  10 orc priests
  4 bullfrog skeletons
  8 hounds
  An iguana (D:4)
  14 orc wizards
  Jessica (D:3)
  8 worker ants
  A killer bee zombie (D:10)
  4 ogre zombies (D:10)
  A hound skeleton (D:6)
  2 worker ant zombies
  Robin (D:3)
  4 adders
  2 shadow imps
  2 adder zombies
  A dart slug (D:3)
  3 leopard geckos
  54 orcs
  8 bats
  5 giant cockroaches
  13 goblins
  8 hobgoblins
  19 jackals
  17 kobolds
  2 quokkas
  4 ball pythons
  A ball python zombie (D:5)
  5 frilled lizards
  2 goblin zombies (D:10)
  A hobgoblin skeleton (D:10)
  4 hobgoblin zombies (D:10)
  2 orc skeletons (D:10)
  13 orc zombies (D:10)
  6 rats
311 creatures vanquished.

Vanquished Creatures (collateral kills)
  A gnoll (D:1)
1 creature vanquished.

Vanquished Creatures (others)
  An orc (D:9)
1 creature vanquished.

Grand Total: 313 creatures vanquished

Notes
Turn   | Place    | Note
-------+----------+-------------------------------------------
     0 | D:1      | growler the Draconian Transmuter began the quest for the
                  | Orb.
     0 | D:1      | Reached XP level 1. HP: 16/16 MP: 3/3
   543 | D:1      | Reached XP level 2. HP: 23/23 MP: 3/5
   990 | D:1      | Learned a level 2 spell: Sticks to Snakes
  1281 | D:1      | Reached XP level 3. HP: 20/28 MP: 2/6
  1286 | D:1      | Learned a level 3 spell: Spider Form
  2609 | D:3      | Reached XP level 4. HP: 35/35 MP: 8/8
  2659 | D:3      | Reached skill level 1 in Poison Magic
  2767 | D:3      | Noticed Jessica
  2784 | D:3      | Killed Jessica
  2784 | D:3      | Reached skill level 4 in Unarmed Combat
  2845 | D:3      | Reached XP level 5. HP: 40/40 MP: 2/9
  3058 | D:3      | Noticed Robin
  3092 | D:3      | Killed Robin
  3624 | D:4      | Learned a level 4 spell: Ice Form
  3732 | D:4      | Reached XP level 6. HP: 43/47 MP: 7/10
  3777 | D:4      | Reached skill level 5 in Unarmed Combat
  3777 | D:4      | Reached skill level 1 in Ice Magic
  3937 | D:4      | Found an opulent altar of Gozag.
  4757 | D:4      | Found a sparkling altar of Nemelex Xobeh.
  4904 | D:4      | Your scales start taking on a dull iron-grey colour.
  4904 | D:4      | Reached XP level 7. HP: 51/52 MP: 12/12
  4904 | D:4      | Gained mutation: You can survive without breathing. [Grey
                  | Draconian growth]
  4976 | D:4      | Found Hesu's Weapon Shop.
  5078 | D:5      | Entered Level 5 of the Dungeon
  5689 | D:5      | Identified the Volume of the Blistering Birds
  5752 | D:5      | Reached skill level 6 in Unarmed Combat
  5756 | D:5      | Reached XP level 8. HP: 26/59 MP: 11/14
  5938 | D:5      | Learned a level 5 spell: Blade Hands
  6687 | D:6      | Noticed a hippogriff
  6694 | D:6      | Killed a hippogriff
  6694 | D:6      | Reached skill level 5 in Transmutations
  6702 | D:6      | Reached skill level 5 in Spellcasting
  6865 | D:6      | Noticed Dowan
  6866 | D:6      | Noticed Duvessa
  6880 | D:6      | Killed Dowan
  6882 | D:6      | Killed Duvessa
  7350 | D:6      | Reached skill level 7 in Unarmed Combat
  7564 | D:6      | Reached skill level 5 in Ice Magic
  7778 | D:6      | Reached XP level 9. HP: 58/64 MP: 16/16
  8013 | D:6      | Found a hide-covered altar of Uskayaw.
  8275 | D:7      | Found a sparkling altar of Nemelex Xobeh.
  8445 | D:7      | Found a staircase to the Ecumenical Temple.
  8454 | Temple   | Entered the Ecumenical Temple
  8676 | Temple   | Became a worshipper of Makhleb the Destroyer
  8907 | D:7      | Reached skill level 8 in Unarmed Combat
  9229 | D:8      | Noticed Grum
  9236 | D:8      | Reached skill level 9 in Unarmed Combat
  9289 | D:8      | Killed Grum
  9441 | D:8      | Reached skill level 10 in Unarmed Combat
  9445 | D:8      | Paralysed by a kobold for 6 turns
  9859 | D:8      | Noticed Joseph
  9967 | D:8      | Killed Joseph
  9967 | D:8      | Reached XP level 10. HP: 44/71 MP: 13/17
 10173 | D:8      | Reached skill level 11 in Unarmed Combat
 10285 | D:8      | Reached * piety under Makhleb
 10299 | D:8      | Noticed Pikel
 10497 | D:8      | Found a radiant altar of Vehumet.
 10613 | D:8      | Found an ancient bone altar of Kikubaaqudgha.
 11285 | D:9      | Noticed a gargoyle
 11296 | D:9      | Killed a gargoyle
 11659 | D:8      | Killed Pikel
 11659 | D:8      | Reached ** piety under Makhleb
 11659 | D:8      | Reached skill level 12 in Unarmed Combat
 11750 | D:10     | Entered Level 10 of the Dungeon
 12156 | D:10     | Found a staircase to the Orcish Mines.
 12976 | D:10     | Reached skill level 13 in Unarmed Combat
 12990 | D:10     | Reached *** piety under Makhleb
 13368 | D:10     | Reached XP level 11. HP: 77/77 MP: 16/18
 13411 | D:10     | Reached **** piety under Makhleb
 14380 | D:10     | Reached skill level 14 in Unarmed Combat
 14555 | D:11     | Noticed Harold
 14564 | D:11     | Noticed Nergalle
 14565 | D:11     | Noticed a brown ugly thing
 14570 | D:10     | Slain by Harold

Illustrated notes

Levels and vault maps discovered:
D:1:      dpeg_arrival_boxes_within_box, layout_basic
D:2:      layout_loops_ring
D:3:      layout_rooms, uniq_jessica, uniq_robin
D:4:      layout_basic, grunt_gozag_breadcrumbs, first_ration, serial_shops,
          nicolae_shop_window_shopping, nemelex_spade_bored_becter
D:5:      layout_loops_ring, kennysheep_another_room
D:6:      layout_basic, kennysheep_mini_moat, serial_glass, glass_columns_a,
          glass_columns_b, glass_columns_c, glass_columns_c, glass_columns_a,
          glass_columns_a, glass_columns_b, glass_columns_a,
          minmay_fountain_box, uniq_duvessa
D:7:      layout_basic, minmay_temple_entry_sparse_star, basic_altar
D:8:      layout_basic, vehumet_statue, nicolae_overflow_hidden_temple,
          uniq_pikel, uniq_grum, uniq_joseph
D:9:      layout_gridville
D:10:     layout_gridville, zombieorc2_lemuel
D:11:     layout_cave_pools, lair_entry_dummy, grunt_pizzeria, uniq_harold,
          uniq_fannar, uniq_nergalle, uniq_josephine
Temple:   dpeg_five_rooms_temple

Skill      XL: |  1  2  3  4  5  6  7  8  9 10 11 |
---------------+----------------------------------+-----
Transmutations | 3 4 6 |  6.0
Spellcasting   | 3 4 5 |  5.0
Poison Magic   | 1 2 |  2.0
Unarmed Combat | 4 5 6 7 10 13 14 | 14.0
Ice Magic      | 2 3 5 6 |  6.0
Fighting       | |  1.1
Dodging        | |  1.7

Action                   |  1- 3 |  4- 6 |  7- 9 | 10-12 || total
-------------------------+-------+-------+-------+-------++-------
Melee: Unarmed           |   155 |   155 |   436 |   366 ||  1112
       Tailslap          |    15 |     4 |    28 |    32 ||    79
       Kick              |     6 |       |       |       ||     6
       Headbutt          |     1 |     2 |     1 |       ||     4
       Punch             |     2 |       |       |       ||     2
 Cast: Beastly Appendage |    12 |     2 |     1 |       ||    15
       Sticks to Snakes  |     5 |     1 |     1 |     1 ||     8
       Spider Form       |       |     9 |    13 |       ||    22
       Ice Form          |       |       |     9 |    16 ||    25
Evoke: Wand              |       |       |       |     2 ||     2
  Use: Scroll            |       |       |    18 |     2 ||    20
 Stab: Sleeping          |       |       |       |     1 ||     1
  Eat: Chunk             |     6 |     9 |    18 |    11 ||    44
       Ration            |       |       |       |     3 ||     3
Armor: Skin              |    47 |    20 |   115 |   125 ||   307
Dodge: Dodged            |   115 |   103 |   263 |   130 ||   611
Block: Buckler           |       |     9 |    47 |    34 ||    90
